 Dungeon Crawl Stone Soup version 0.25-a0-591-g2ad0d861f1 (webtiles) character file.

Game seed: 5919355753772565219, levelgen mode: deterministic

31 Mehrunes the Grave Robber (level 3, -2/28 HPs)
             Began as a Deep Dwarf Necromancer on Mar 14, 2020.
             Slain by a worm (3 damage)
             ... on level 1 of the Dungeon.
             The game lasted 00:05:19 (1849 turns).

Mehrunes the Grave Robber (Deep Dwarf Necromancer)  Turns: 1849, Time: 00:05:19

Health: -2/28      AC:  2    Str: 11    XL:     3   Next: 7%
Magic:  0/5        EV: 12    Int: 16    God:
Gold:   99         SH:  0    Dex: 13    Spells: 0/5 levels left

rFire    . . .     SeeInvis .   b - +0 short sword
rCold    . . .     Gourm    .   (no shield)
rNeg     . . .     Faith    .   a - +0 robe
rPois    .         Spirit   .   (no helmet)
rElec    .         Reflect  .   (no cloak)
rCorr    .         Harm     .   (no gloves)
MR       .....                  (no boots)
Stlth    ++........             (no amulet)
HPRegen  0.00/turn              (no ring)
MPRegen  0.09/turn              (no ring)

@: non-regenerating
A: damage resistance, heal wounds, sense surroundings 1, no regeneration
a: Heal Wounds


You were on level 1 of the Dungeon.
You were not hungry.

You visited 1 branch of the dungeon, and saw 2 of its levels.

You collected 99 gold pieces.

Inventory:

Hand Weapons
 b - a +0 short sword (weapon)
Armour
 a - a +0 robe (worn)
Scrolls
 e - 2 scrolls of enchant armour {unknown}
 f - a scroll of teleportation {unknown}
 g - 2 scrolls of identify {unknown}
 h - a scroll of remove curse {unknown}
Potions
 d - a potion of resistance {unknown}
Comestibles
 c - a ration
 i - a chunk of flesh


   Skills:
 + Level 2.0 Armour
 - Level 2.1 Dodging
 - Level 2.4 Stealth
 - Level 1.7 Spellcasting
 + Level 5.0 Necromancy


You couldn't memorise any spells.
You knew the following spells:

 Your Spells              Type           Power        Failure   Level  Hunger
a - Pain                  Necr           ###.         2%          1    ##.....
b - Animate Skeleton      Necr           N/A          2%          1    ##.....
c - Vampiric Draining     Necr           ###.......   9%          3    ####...

Your spell library contained the following spells:

 Spells                   Type           Power        Failure   Level  Hunger
 Animate Dead             Necr           N/A          26%         4    #####..
 Agony                    Necr           ###.....     58%         5    ######.


Dungeon Overview and Level Annotations

Branches:
Dungeon (2/15)

Altars:


Innate Abilities, Weirdness & Mutations

You are resistant to damage.
You can heal yourself by infusing magical energy.
You passively map a small area around you.
You do not regenerate.


Message History

The worm is heavily wounded.
The worm bites you.
You barely miss the worm.
The worm is moderately wounded.
The worm bites you but does no damage.
You hit the worm.
The worm is heavily wounded.
You hit the worm but do no damage.
The worm is heavily wounded.
The worm bites you!
* * * LOW HITPOINT WARNING * * *
You completely miss the worm.
The worm is moderately wounded.
The worm barely misses you.
You hit the worm but do no damage.
The worm is moderately wounded.
You hit the worm.
The worm is heavily wounded.
The worm bites you.
You die...

# #.............##### #
#####.#####.####....
########## ###.###.#####.##
##.#. .........#
#...##.........# ##.#
########.#
#.########(###########
##.###.#.+...........'.# #
#........######.######.# #
#.####..##.##.#.# #..# # #.#
#..##@##.#.# #.##### #.#
#..##w##.### #...... ##.##
##.##.##.# #######
####...####.##.##.# #######
#....#......##.##.# #......
#.##...####.##.##.# #.#####
#.###.## #.##.##.# #.# ###.#
#.# #.##.##.# #.#
....###.#####.##.##.#######.#


You could see a worm.

Vanquished Creatures
  A leopard gecko (D:1)
  5 bats
  5 giant cockroaches
  2 goblins (D:1)
  2 hobgoblins (D:1)
  2 jackals (D:1)
  2 ball pythons (D:1)
  A frilled lizard (D:1)
  3 kobolds
  4 rats
27 creatures vanquished.

Vanquished Creatures (collateral kills)
  A goblin (D:1)
  A frilled lizard (D:2)
2 creatures vanquished.

Grand Total: 29 creatures vanquished

Notes
Turn   | Place    | Note
-------+----------+-------------------------------------------
     0 | D:1      | Mehrunes the Deep Dwarf Necromancer began the quest for the
                  | Orb.
     0 | D:1      | Reached XP level 1. HP: 15/15 MP: 3/3
   190 | D:1      | Learned a level 1 spell: Animate Skeleton
   384 | D:1      | Reached skill level 1 in Armour
   447 | D:1      | Reached XP level 2. HP: 20/22 MP: 1/4
  1492 | D:2      | Reached XP level 3. HP: 10/28 MP: 3/5
  1499 | D:2      | Reached skill level 5 in Necromancy
  1634 | D:1      | Learned a level 3 spell: Vampiric Draining
  1846 | D:1      | HP: 1/28 [worm (5)]
  1849 | D:1      | Slain by a worm

Levels and vault maps discovered:
D:1:      shiori_shiawase, layout_loops_ring
D:2:      lemuel_upstairs_altar, layout_loops_cross,
          minmay_misc_feat_nine_boxes, uniq_terence

Skill      XL: |  1  2  3 |
---------------+----------+-----
Armour         | 1 2 |  2.0
Necromancy     | 5 |  5.0
Dodging        | |  2.1
Stealth        | |  2.4
Spellcasting   | |  1.7

Action                   || total
-------------------------++-------
Melee: Unarmed           ||     8
       Short sword       ||    11
 Cast: Pain              ||    58
       Animate Skeleton  ||     8
       Vampiric Draining ||     2
  Eat: Chunk             ||     1
       Ration            ||     1
Armor: Robe              ||     9
Dodge: Dodged            ||    35

Table legend:
 A = Non-vault XP
 B = Vault XP
 C = Vault XP percentage of total XP
 D = Non-vault monster count
 E = Vault monster count
 F = Vault count percentage of total count
                 A         B        C        D         E       F
            +---------+---------+-------+---------+---------+-------
      Total |      45 |       0 |   0.0 |      29 |       0 |   0.0
            +---------+---------+-------+---------+---------+-------
        D:1 |      33 |       0 |   0.0 |      21 |       0 |   0.0
        D:2 |      12 |       0 |   0.0 |       8 |       0 |   0.0
            +---------+---------+-------+---------+---------+-------
